 Dungeon Crawl Stone Soup version 0.30-a0-652-gcc886f7154 (webtiles) character file.

Game seed: 6766293089558560900

9930 PyroL the Geomancer (level 11, 0/71 HPs)
             Began as a Gargoyle Earth Elementalist on Jan 17, 2023.
             Was a Believer of Vehumet.
             Slain by Snorg (3 damage)
             ... on level 10 of the Dungeon.
             The game lasted 00:19:44 (10786 turns).

PyroL the Geomancer (Gargoyle Earth Elementalist)  Turns: 10786, Time: 00:19:44

Health: 0/71       AC: 18    Str: 12    XL:     11   Next: 54%
Magic:  7/17       EV: 12    Int: 24    God:    Vehumet [**....]
Gold:   746        SH:  5    Dex: 14    Spells: 11/18 levels left

rFire   + . .      SeeInvis .    O - +3 hand axe "Spider's Bane" {protect, rCorr Dex+4}
rCold   . . .      Faith    .    (no shield)
rNeg    + . .      Spirit   .    p - +2 leather armour of Axuileic {Int+4}
rPois   ∞          Reflect  +    (no helmet)
rElec   +          Harm     .    y - +1 cloak
rCorr   +          Rampage  .    k - +2 pair of gloves
Will    .....                    (no boots)
Stlth   ++                       w - amulet of reflection
HPRegen 0.31/turn                B - ring of protection from fire
MPRegen 0.15/turn                (no ring)

@: about to teleport
A: sickness immunity, AC +8, negative energy resistance 1, electricity
resistance, torment resistance 1, petrification resistance
a: Renounce Religion


You were on level 10 of the Dungeon.
You worshipped Vehumet.
Vehumet was pleased with you.
You visited 2 branches of the dungeon, and saw 11 of its levels.
You also visited: Ossuary.

You collected 746 gold pieces.

Inventory:

Hand Weapons
 i - a +2 dagger of venom
 N - a +2 dagger of protection
 O - the +3 hand axe "Spider's Bane" (weapon) {protect, rCorr Dex+4}
   (You found it on level 9 of the Dungeon)

   Dex:       It affects your dexterity (+4).
   rCorr:     It protects you from acid and corrosion.
Missiles
 c - 3 throwing nets
 K - 4 curare-tipped darts
 L - 8 poisoned darts
Armour
 a - a +2 buckler
 k - a +2 pair of gloves (worn)
 p - the +2 leather armour of Axuileic (worn) {Int+4}
   (You found it on level 3 of the Dungeon)

   Int:       It affects your intelligence (+4).
 y - a +1 cloak (worn)
Jewellery
 w - an amulet of reflection (around neck)
 B - a ring of protection from fire (left hand)
 F - a +6 ring of intelligence
 M - a ring of magical power
 P - a ring of ice
Wands
 A - a wand of iceblast (8)
 E - a wand of mindburst (16)
 I - a wand of digging (2)
 J - a wand of charming (11)
Scrolls
 g - a scroll of amnesia
 h - 2 scrolls of noise
 j - 2 scrolls of teleportation
 r - 2 scrolls of fog {unknown}
 s - a scroll of enchant armour
 t - 3 scrolls of magic mapping
 u - 2 scrolls of poison {unknown}
 v - a scroll of enchant weapon {unknown}
 z - 2 scrolls of torment {unknown}
 C - 2 scrolls of silence {unknown}
Potions
 b - 3 potions of magic
 d - 5 potions of haste
 e - 3 potions of lignification
 f - 5 potions of curing
 l - 2 potions of attraction
 m - 2 potions of flight {unknown}
 n - 2 potions of might {unknown}
 o - 2 potions of ambrosia
 q - 2 potions of heal wounds {unknown}
 D - a potion of resistance {unknown}
 G - a potion of brilliance {unknown}
 H - a potion of berserk rage {unknown}
 R - a potion of cancellation {unknown}
Miscellaneous
 Q - a phantom mirror


   Skills:
 + Level 9.1 Fighting
 - Level 1.4 Short Blades
 - Level 3.0 Armour
 - Level 2.2 Dodging
 - Level 2.1 Stealth
 - Level 1.5 Unarmed Combat
 - Level 4.0 Spellcasting
 - Level 6.1 Conjurations
 - Level 0.7 Transmutations
 + Level 9.9 Ice Magic
 - Level 11.5 Earth Magic


You had 11 spell levels left.
You knew the following spells:

 Your Spells              Type           Power      Damage    Failure   Level
a - Sandblast             Erth           100%       2d20      1%          1
b - Stone Arrow           Conj/Erth      94%        3d12      1%          3
c - Passwall              Tmut/Erth      28%        N/A       1%          2
d - Kiss of Death         Conj/Necr      76%        2d11      3%          1

Your spell library contained the following spells:

 Spells                   Type           Power      Damage    Failure   Level
 Kindle Blastsparks       Fire/Tloc/Air  8%         2d10      36%         3
 Shock                    Conj/Air       76%        1d7       3%          1
 Petrify                  Tmut/Erth      34%        N/A       10%         4
 Apportation              Tloc           8%         N/A       12%         1
 Necrotise                Necr           16%        1d4       12%         1
 Summon Small Mammal      Summ           16%        N/A       12%         1
 Gell's Gravitas          Tloc           4%         N/A       36%         3
 Swiftness                Air            4%         N/A       36%         3
 Teleport Other           Tloc           4%         N/A       36%         3
 Freezing Cloud           Conj/Ice/Air   15%        6-21      36%         5
 Airstrike                Air            2%         2d(1-17)  77%         4
 Simulacrum               Ice/Necr       14%        N/A       94%         6
 Dispersal                Tloc           2%         N/A       100%        6
 Polar Vortex             Ice            25%        N/A       100%        9


Dungeon Overview and Level Annotations

Branches:
Dungeon (10/15)            Temple (1/1) D:7            Lair (0/5) D:9
Ossuary (visited)
    Orc: D:9-12

Altars:
Ashenzari
Cheibriados
Dithmenos
Elyvilon
Fedhas
Gozag
Hepliaklqana
Kikubaaqudgha
Makhleb
Nemelex Xobeh
Okawaru
Qazlal
Ru
Sif Muna
Trog
Uskayaw
Vehumet
Wu Jian
Xom
Yredelemnul
Zin
The Shining One

Annotations:
D:7 3 runed translucent doors, Loveship's ghost, novice DsTm; Nabski's ghost, novice TeFE; pigah's ghost, novice OpWn; ragingrage's ghost, novice AtWn; superbruh's ghost, novice MiGl
D:10 Snorg


Innate Abilities, Weirdness & Mutations

You are immune to sickness and miasma.
Your stone body is resilient. (AC +8)
You are immune to poison.
You resist negative energy. (rN+)
You are resistant to electric shocks. (rElec)
You are resistant to unholy torment.
You are immune to petrification.


Message History

The stone arrow hits Snorg!!
Snorg is lightly wounded.
The orc shouts!
Snorg goes berserk!
The blast of sand hits Snorg.
Snorg is lightly wounded.
The blast of sand hits Snorg!
Snorg is moderately wounded.
Snorg bites you! Snorg barely misses you. Snorg claws you!
Snorg completely misses you. Snorg misses you. You block Snorg's attack.
Snorg bites you but does no damage. Snorg barely misses you. Snorg claws you!
Casting: Sandblast (safe; 1% risk of failure)
Confirm with . or Enter, or press ? or * to list all spells.
Aiming: Stone Arrow (safe; 1% risk of failure)
Press: ? - help, Shift-Dir - straight line, f/p - Snorg
Aim: Snorg (moderately wounded, berserk, 76% to hit)
The stone arrow hits Snorg!
Snorg is moderately wounded.
Snorg bites you but does no damage. Snorg claws you.
* * * LOW HITPOINT WARNING * * *
Snorg claws you but does no damage.
Press: ? - help, v - describe, . - travel
Here: Snorg (moderately wounded, berserk)
The floor.
Really quaff the potion of lignification?
Okay, then.
Okay, then.
As you read the scroll of teleportation, it crumbles to dust.
You feel strangely unstable. You block Snorg's attack. Snorg claws you!
* * * LOW HITPOINT WARNING * * *
Snorg claws you.
* * * LOW HITPOINT WARNING * * *
Snorg bites you but does no damage. Snorg claws you.
* * * LOW HITPOINT WARNING * * *
Snorg claws you!
* * * LOW HITPOINT WARNING * * *
As you read the scroll of fear, it crumbles to dust.
You assume a fearsome visage.
Snorg is unaffected.
The orc looks frightened!
Snorg bites you.
You die...

#.#####.###).......<.....<.#
#.....#....)###............#
#####.####### #............#
#.# ###.########## #.#
#........ #.# ######### #.#
. #######.############....
................@T.o....
#######.############.... #.#
. #.# #.# #.# #.# #.#


You could see Snorg (berserk) and an orc (fleeing).

Vanquished Creatures
  A hydra (D:9)
  2 centaur warriors (D:9)
  4 two-headed ogres
  Amaemon (D:9)
  A cyclops (D:9)
  An orange demon (D:9)
  2 trolls (D:9)
  Sigmund (D:6)
  A yak (D:4)
  A wraith (D:9)
  Eustachio (D:6)
  The ghost of Dittersdorf the Trooper, an amateur GrFi (D:3)
  A water moccasin (D:5)
  4 orc warriors
  3 black bears
  2 sky beasts
  2 ice beasts
  2 centaurs
  A kobold brigand (D:9)
  Blork the orc (D:6)
  6 bullfrogs
  An elf zombie (Ossuary)
  2 scorpions
  8 killer bees
  2 howler monkeys (D:9)
  A centaur zombie (Ossuary)
  6 human zombies
  4 jellies
  3 hounds (D:5)
  2 orc priests
  Jessica (D:3)
  A human skeleton (D:8)
  3 iguanas
  6 orc wizards
  A centaur simulacrum (D:9)
  3 hound zombies (Ossuary)
  3 mummies (Ossuary)
  3 gnolls (D:4)
  3 adders
  2 white imps
  An ufetubus (D:4)
  5 adder zombies (Ossuary)
  A worm (D:2)
  3 dart slugs (D:1)
  27 orcs
  4 ball pythons
  5 endoplasms
  6 giant cockroaches
  2 gnoll zombies (Ossuary)
  5 goblins
  9 hobgoblins
  2 jackals (D:2)
  3 quokkas
  5 bats
  5 frilled lizards
  5 goblin zombies (Ossuary)
  2 hobgoblin zombies (Ossuary)
  3 jackal zombies (Ossuary)
  4 kobolds
  3 kobold zombies (Ossuary)
  An orc skeleton (D:8)
  3 orc zombies
  3 quokka zombies (Ossuary)
  7 rats
  4 rat zombies (Ossuary)
212 creatures vanquished.

Vanquished Creatures (others)
  A human (D:6)
  17 fungi (D:9)
  23 plants (D:9)
41 creatures vanquished.

Grand Total: 253 creatures vanquished

Notes
Turn   | Place    | Note
-------+----------+-------------------------------------------
     0 | D:1      | PyroL the Gargoyle Earth Elementalist began the quest for
                  | the Orb.
     0 | D:1      | Reached XP level 1. HP: 10/10 MP: 3/3
   177 | D:1      | Reached skill level 4 in Earth Magic
   177 | D:1      | Reached XP level 2. HP: 15/15 MP: 1/5
   387 | D:1      | Found a faded altar of an unknown god.
   794 | D:1      | Reached XP level 3. HP: 19/19 MP: 4/6
  1649 | D:2      | Identified the +1 leather armour of Hochuus {+Inv MP+9}
  1916 | D:2      | Reached XP level 4. HP: 24/24 MP: 8/8
  2031 | D:3      | Reached skill level 5 in Earth Magic
  2253 | D:3      | Reached XP level 5. HP: 15/28 MP: 10/10
  2322 | D:3      | Learned a level 3 spell: Stone Arrow
  2344 | D:3      | Reached skill level 1 in Armour
  2415 | D:3      | Found a large runed translucent door.
  2415 | D:3      | Found a large runed translucent door.
  2699 | D:3      | Identified the +2 leather armour of Axuileic {Int+4}
  2778 | D:3      | Learned a level 2 spell: Passwall
  2877 | D:3      | Noticed Jessica
  2882 | D:3      | Killed Jessica
  2883 | D:3      | Reached skill level 6 in Earth Magic
  2894 | D:3      | Found a shimmering blue altar of Sif Muna.
  3070 | D:3      | Noticed Dittersdorf's ghost (amateur GrFi)
  3184 | D:4      | Reached XP level 6. HP: 32/32 MP: 8/11
  3431 | D:4      | Found a sacrificial altar of Ru.
  3994 | D:5      | Entered Level 5 of the Dungeon
  4197 | D:5      | Noticed a water moccasin
  4201 | D:5      | Killed a water moccasin
  4202 | D:5      | Reached skill level 7 in Earth Magic
  4202 | D:5      | Reached XP level 7. HP: 36/36 MP: 8/12
  4245 | D:5      | Noticed a yak
  4245 | D:5      | Noticed a yak
  4246 | D:5      | Noticed a yak
  4246 | D:5      | Noticed a yak
  4296 | D:4      | Killed a yak
  4297 | D:4      | Reached skill level 8 in Earth Magic
  4634 | D:5      | Found a sparkling altar of Nemelex Xobeh.
  4637 | D:5      | Found a white marble altar of Elyvilon.
  4666 | D:5      | Found a hide-covered altar of Uskayaw.
  4749 | D:5      | Found a glowing silver altar of Zin.
  4859 | D:5      | Reached skill level 9 in Earth Magic
  5063 | D:6      | Noticed Blork the orc
  5067 | D:6      | Killed Blork the orc
  5068 | D:6      | Reached XP level 8. HP: 41/41 MP: 6/13
  5128 | D:6      | Reached skill level 1 in Conjurations
  5141 | D:6      | Noticed Eustachio
  5148 | D:6      | Killed Eustachio
  5189 | D:6      | Found an ancient bone altar of Kikubaaqudgha.
  5337 | D:6      | Noticed Sigmund
  5339 | D:6      | Killed Sigmund
  5340 | D:6      | Reached skill level 10 in Earth Magic
  5997 | D:7      | Found a runed translucent gate.
  5998 | D:7      | Found an iron altar of Okawaru.
  6011 | D:7      | Found a runed translucent gate.
  6011 | D:7      | Found a runed translucent gate.
  6031 | D:7      | Noticed pigah's ghost (novice OpWn)
  6092 | D:7      | Reached skill level 5 in Conjurations
  6098 | D:7      | Found a basalt altar of Yredelemnul.
  6106 | D:7      | Reached skill level 11 in Earth Magic
  6106 | D:7      | Reached XP level 9. HP: 34/45 MP: 8/15
  6219 | D:7      | Found a broken altar of Ashenzari.
  6298 | D:7      | Found a staircase to the Ecumenical Temple.
  6379 | Temple   | Entered the Ecumenical Temple
  6435 | Temple   | Became a worshipper of Vehumet
  6909 | D:7      | Noticed superbruh's ghost (novice MiGl)
  6909 | D:7      | Noticed Loveship's ghost (novice DsTm)
  6910 | D:7      | Noticed Nabski's ghost (novice TeFE)
  6910 | D:7      | Noticed ragingrage's ghost (novice AtWn)
  7049 | D:3      | Killed Dittersdorf's ghost
  7485 | D:8      | Found a sand-covered staircase.
  7520 | Ossuary  | Entered an ossuary
  7643 | Ossuary  | Reached skill level 1 in Fighting
  7775 | Ossuary  | Reached * piety under Vehumet
  7775 | Ossuary  | Offered knowledge of Freeze by Vehumet.
  7904 | Ossuary  | Reached skill level 1 in Ice Magic
  8301 | D:8      | Reached ** piety under Vehumet
  8301 | D:8      | Offered knowledge of Kiss of Death by Vehumet.
  8304 | D:8      | Learned a level 1 spell: Kiss of Death
  8502 | D:8      | Noticed a two-headed ogre
  8509 | D:8      | Killed a two-headed ogre
  8510 | D:8      | Reached skill level 5 in Ice Magic
  8510 | D:8      | Reached XP level 10. HP: 60/60 MP: 7/16
  8963 | D:9      | Noticed a two-headed ogre
  8969 | D:9      | Killed a two-headed ogre
  8970 | D:9      | Reached skill level 1 in Short Blades
  8970 | D:9      | Reached skill level 1 in Unarmed Combat
  8993 | D:9      | Noticed a boulder beetle
  9044 | D:9      | Noticed a two-headed ogre
  9056 | D:9      | Killed a two-headed ogre
  9240 | D:9      | Noticed a centaur warrior
  9247 | D:9      | Killed a centaur warrior
  9308 | D:9      | Noticed a cyclops
  9311 | D:9      | Noticed a two-headed ogre
  9323 | D:9      | Killed a two-headed ogre
  9417 | D:9      | Killed a cyclops
  9418 | D:9      | Reached XP level 11. HP: 64/67 MP: 9/17
  9481 | D:9      | Identified the +2 battleaxe "Niyteof" {pain, rN+}
  9481 | D:9      | Noticed a centaur warrior
  9489 | D:9      | Killed a centaur warrior
  9647 | D:9      | Identified the +3 hand axe "Spider's Bane" {protect, rCorr
                  | Dex+4}
  9758 | D:9      | Found a staircase to the Lair.
  9772 | D:9      | Noticed Amaemon
  9799 | D:9      | Killed Amaemon
 10006 | D:9      | Noticed a five-headed hydra
 10011 | D:9      | Killed a five-headed hydra
 10031 | D:9      | Found a snail-covered altar of Cheibriados.
 10377 | D:9      | Offered knowledge of Kindle Blastsparks by Vehumet.
 10486 | D:9      | Found a shimmering altar of Xom.
 10634 | D:10     | Entered Level 10 of the Dungeon
 10777 | D:10     | Noticed Snorg
 10785 | D:10     | HP: 3/71 [Snorg (14)]
 10786 | D:10     | Slain by Snorg

Illustrated notes

Levels and vault maps discovered:
D:1:      dpeg_arrival_subterranean_lakeside_camping, layout_loops_ring,
          ebering_ecumenical_altar_ruins, ebering_dispersal_statue_hall
D:2:      layout_basic, hangedman_decor_lopped
D:3:      layout_basic, tgw_sif, ebering_ghost_disaster_area
D:4:      layout_basic, amcnicky_altar_gilded
D:5:      layout_basic, grunt_temple_overflow_cloverleaf
D:6:      layout_cave_pools, tgw_kikubaaqudgha, serial_column_ruins,
          column_ruins_columns_straight, column_ruins_grid_1,
          column_ruins_corridor_straight, column_ruins_grid_1,
          column_ruins_open_tiny, minmay_liquid_box, uniq_blork_the_orc,
          uniq_sigmund, uniq_eustachio
D:7:      layout_basic, mainiacjoe_overflow_surrounded_room,
          mainiacjoe_overflow_24_doors, kennysheep_mini,
          minmay_temple_entry_nine_rooms, gammafunk_ghost_cemetery,
          chequers_serial_rivers_room_a, kb_lookout_dungeons_type, minmay_holes
D:8:      layout_basic, nicolae_ossuary_entry_catacombs
D:9:      minmay_the_grid_octo_triangle [minmay_the_grid_octo_77,
          minmay_the_grid_octo_prize_ultimate_mussel_roller,
          minmay_the_grid_octo_empty], layout_gridville, old_standard_altar,
          cheibriados_altar_1, grunt_lair_entry_orc_guard_hut, uniq_amaemon
D:10:     layout_roguey, st_stairs_4, uniq_harold, uniq_snorg, uniq_maggie
Temple:   dpeg_chambers_temple

Skill      XL: |  1  2  3  4  5  6  7  8  9 10 11 |
---------------+----------------------------------+-----
Earth Magic    | 4 5 6 7 9 11 | 11.5
Spellcasting   | 3 4 |  4.0
Armour         | 2 3 |  3.0
Conjurations   | 5 6 |  6.1
Fighting       | 6 7 9 |  9.1
Ice Magic      | 5 8 9 |  9.9
Short Blades   | 1 |  1.4
Dodging        | 2 |  2.2
Unarmed Combat | 1 |  1.5
Stealth        | |  2.1
Transmutations | |  0.7

Action                   |  1- 3 |  4- 6 |  7- 9 | 10-12 || total
-------------------------+-------+-------+-------+-------++-------
Melee: Short sword       |    12 |       |       |       ||    12
       Unarmed           |    10 |       |       |       ||    10
       Dagger            |       |    18 |    19 |     9 ||    46
       Hand axe          |       |       |       |    24 ||    24
Throw: Dart              |       |       |       |     3 ||     3
 Cast: Sandblast         |    47 |    62 |   164 |    65 ||   338
       Stone Arrow       |       |     1 |    13 |    31 ||    45
Evoke: Wand              |       |       |       |     1 ||     1
  Use: Scroll            |       |     3 |     8 |     4 ||    15
       Potion            |       |       |       |     1 ||     1
Armor: Robe              |    18 |       |       |       ||    18
       Leather armour    |       |    19 |    79 |    72 ||   170
       Skin              |       |       |       |    17 ||    17
Dodge: Dodged            |    41 |    31 |    65 |    54 ||   191
Block: Other             |       |       |    36 |    18 ||    54
       Reflection        |       |       |       |     1 ||     1

Table legend: (Time is in decaauts)
 A = Elapsed time spent in this place.
 B = Non-inter-level travel time spent in this place.
 C = Inter-level travel time spent in this place.
 D = Time resting spent in this place.
 E = Time spent auto-exploring this place.
 F = Levels seen in this place.
 G = Mean time per level.
                   A        B        C        D        E       F      G
               +--------+--------+--------+--------+--------+-----+--------+
         Total |  10965 |  10515 |    450 |   1294 |   7456 |  12 |  913.8 |
       Dungeon |  10191 |   9763 |    428 |   1294 |   6884 |  10 | 1019.1 |
        Temple |    237 |    215 |     22 |      0 |    188 |   1 |  237.0 |
       Ossuary |    536 |    536 |      0 |      0 |    384 |   1 |  536.0 |
               +--------+--------+--------+--------+--------+-----+--------+

Top non-repeatable levels by time:
     D:9: 1726 daAuts
     D:3: 1276 daAuts
     D:4: 1184 daAuts
     D:1: 1177 daAuts
     D:8: 1119 daAuts
     D:7: 969 daAuts
     D:2: 873 daAuts
     D:5: 871 daAuts
     D:6: 836 daAuts
 Ossuary: 536 daAuts
  Temple: 237 daAuts
    D:10: 156 daAuts
